Map: King's Cove LE

Players

royery

  • Race: Terran Terran
  • League: Silver
  • Spawn Location: 5:00

Smileblind - Winner!

  • Race: Protoss Protoss
  • League: Silver
  • Spawn Location: 11:00

VOD

Have the link to the VOD?

Description

Time

  • Played on: Feb. 1, 2019, 9:37 p.m.
  • Length: 20:05
Show
View Real Time Build Order
Export as new Build Order

royery Terran 

Build Orders:  

Get SALT Encoding   

  12  0:13  SCV  
  13  0:15  Supply Depot  
  13  0:25  SCV  
  14  0:40  Barracks  
  14  0:45  Supply Depot  
  14  0:50  SCV  
  15  1:07  Barracks  
  15  1:24  Barracks  
  15  1:37  Marine  
  16  1:45  SCV  
  17  1:55  Marine  
  17  1:57  SCV  
  19  2:10  SCV  
  19  2:12  Marine  
  20  2:23  Marine x2  
  22  2:30  Marine  
  22  2:34  Refinery  
  23  2:40  Marine  
  23  2:41  Marine, Orbital Command  
  25  2:48  Marine  
  26  2:58  Marine x2  
  28  3:06  Marine  
  28  3:09  Supply Depot  
  29  3:16  Marine x2  
  31  3:31  Marine  
  31  3:34  Marine x2  
  33  3:48  Marine  
  33  3:52  Marine x2  
  36  4:00  Command Center  
  36  4:06  Marine  
  36  4:09  Marine  
  26  5:04  Refinery  
  19  5:34  Engineering Bay  
  19  5:39  SCV  
  20  5:49  Factory  
  20  5:51  SCV  
  22  5:57  SCV  
  22  6:04  SCV  
  23  6:09  SCV  
  24  6:16  SCV  
  25  6:19  Marine x3  
  25  6:21  SCV  
  29  6:28  SCV  
  29  6:30  Missile Turret  
  30  6:33  SCV, Factory Tech Lab  
  30  6:37  Marine x3  
  34  6:45  SCV  
  35  6:47  Refinery  
  35  6:54  Marine  
  35  6:55  SCV, Marine x2  
  35  6:57  SCV  
  40  7:08  SCV  
  41  7:09  SCV  
  41  7:10  Refinery  
  41  7:11  Supply Depot, Siege Tank  
  41  7:12  Supply Depot x2, Marine x2  
  41  7:13  Marine  
  48  7:20  SCV  
  48  7:21  SCV  
  50  7:28  Starport  
  50  7:30  Marine x3  
  50  7:32  SCV  
  55  7:43  Siege Tank  
  58  7:44  SCV  
  58  7:50  Missile Turret  
  53  8:08  Orbital Command  
  53  8:11  Missile Turret  
  53  8:29  Starport Tech Lab  
  53  8:33  Starport  
  53  8:55  Medivac  
  55  9:13  Viking  
  57  9:25  Viking  
  59  9:35  Hi-Sec Auto Tracking  
  59  9:37  Liberator  
  59  9:46  SCV  
  60  9:56  Marine x2  
  60  9:58  SCV  
  60  9:59  Barracks Reactor  
  66  10:10  SCV  
  66  10:13  Marine  
  66  10:14  Marine  
  68  10:21  Supply Depot  
  69  10:22  SCV  
  70  10:31  Marine x2  
  70  10:32  Terran Infantry Weapons Level 1  
  70  10:34  SCV  
  73  10:37  Banshee  
  73  10:41  Marine  
  73  10:42  Marine  
  78  10:44  Supply Depot  
  78  10:49  Marine x2  
  80  10:57  Command Center  
  80  10:59  Marine x2  
  82  11:07  Marine x2  
  82  11:08  Supply Depot  
  84  11:17  Marine x2  
  86  11:25  Marine x2  
  87  11:35  Marine x2  
  85  11:42  Marine  
  85  11:43  Marine  
  86  11:53  Marine x2  
  87  12:00  Marine  
  87  12:01  Marine  
  84  12:10  Marine  
  85  12:16  Marine  
  85  12:18  Marine x2  
  85  12:20  Siege Tank  
  85  12:28  Marine  
  76  12:33  Marine  
  76  12:36  Marine x2  
  71  12:46  Marine  
  70  12:51  Marine  
  70  12:52  Siege Tank  
  70  12:54  Marine x2  
  76  12:59  Cloaking Field  
  76  13:01  Starport Tech Lab  
  76  13:04  Marine  
  77  13:09  Marine  
  77  13:12  Marine  
  79  13:13  SCV  
  80  13:24  Refinery, Siege Tank  
  80  13:25  SCV  
  80  13:27  SCV  
  85  13:37  SCV  
  85  13:39  SCV  
  85  13:41  Viking x2  
  89  13:46  Refinery  
  91  13:49  SCV  
  91  13:51  SCV  
  91  13:55  Marine x4  
  94  13:56  Siege Tank  
  94  14:01  Terran Infantry Armor Level 1, SCV  
  101  14:03  SCV  
  102  14:11  Viking x2  
  102  14:13  Marine x4  
  102  14:15  SCV  
  111  14:27  Starport  
  111  14:28  Siege Tank  
  111  14:31  Marine x3  
  115  14:35  Orbital Command  
  117  14:51  Supply Depot x3  
  117  15:06  Missile Turret  
  117  15:12  Banshee, Marine x4, Viking  
  117  15:13  SCV, Siege Tank  
  130  15:25  SCV  
  130  15:26  Missile Turret  
  131  15:30  Marine x4  
  131  15:33  Starport Reactor  
  135  15:37  SCV  
  135  15:42  Banshee  
  136  15:47  Missile Turret  
  136  15:48  Marine x2  
  141  15:55  Neosteel Armor  
  141  16:07  Missile Turret  
  141  17:11  SCV, Marine x2  
  141  17:12  Siege Tank, Banshee  
  141  17:13  Banshee  
  91  17:23  SCV  
  76  17:43  Viking x2  
  80  17:55  Viking, Banshee  
  85  18:04  Missile Turret  
  82  18:06  Missile Turret  
  82  18:07  Missile Turret  
  82  18:09  Missile Turret  
  82  18:10  Missile Turret x2  
  78  18:13  Viking x2  
  78  18:24  Missile Turret  
  78  18:25  Viking  
  78  18:38  Viking  
  74  18:43  Viking x2  
  72  18:55  Viking  
  53  19:08  Viking  
  47  19:13  Viking x2  
  33  19:46  Missile Turret x2  
Show
View Real Time Build Order
Export as new Build Order

Smileblind Protoss - Winner!

Build Orders: Carriers 

Get SALT Encoding   

  12  0:01  Probe  
  13  0:13  Probe  
  14  0:19  Pylon  
  14  0:25  Probe  
  15  0:37  Probe  
  16  0:48  Gateway  
  17  0:50  Probe  
  17  1:02  Probe  
  18  1:05  Assimilator  
  18  1:14  Probe  
  19  1:22  Gateway  
  19  1:26  Probe  
  20  1:36  Forge  
  20  1:38  Probe  
  21  1:41  Zealot  
  21  1:45  Cybernetics Core  
  23  1:59  Pylon  
  23  2:09  Zealot  
  23  2:10  Assimilator  
  23  2:15  Warp Gate  
  23  2:17  Probe  
  28  2:23  Stalker  
  28  2:29  Probe  
  29  2:42  Photon Cannon  
  29  2:47  Photon Cannon  
  29  2:50  Probe  
  30  3:09  Pylon  
  30  3:28  Sentry x2  
  30  3:32  Twilight Council  
  34  3:41  Photon Cannon  
  34  3:54  Sentry  
  36  4:11  Shield Battery, Charge  
  36  4:25  Protoss Ground Weapons Level 1  
  30  4:51  Zealot x2  
  30  5:20  Sentry  
  32  5:22  Stalker  
  34  5:30  Pylon  
  34  5:36  Nexus  
  34  5:39  Pylon  
  34  5:54  Protoss Air Weapons Level 1  
  34  5:56  Gateway  
  34  6:03  Dark Shrine  
  34  6:08  Gateway  
  34  6:09  Gateway  
  34  6:23  Photon Cannon  
  34  6:25  Photon Cannon  
  34  6:26  Shield Battery  
  34  6:28  Shield Battery  
  34  6:30  Gateway  
  34  6:34  Probe  
  34  6:37  Pylon  
  35  6:43  Zealot  
  35  6:44  Probe  
  35  6:46  Probe  
  38  6:52  Probe  
  39  6:58  Probe  
  39  7:01  Photon Cannon  
  41  7:02  Probe  
  42  7:10  Probe  
  42  7:14  Probe  
  42  7:15  Robotics Facility  
  44  7:21  Dark Templar  
  47  7:22  Probe  
  47  7:26  Probe  
  47  7:28  Dark Templar  
  50  7:36  Dark Templar  
  52  7:38  Probe  
  53  7:45  Probe  
  53  7:46  Probe  
  53  7:49  Assimilator  
  55  7:54  Probe  
  55  7:59  Photon Cannon, Probe  
  55  8:03  Probe  
  55  8:05  Observer  
  56  8:11  Probe  
  58  8:23  Probe  
  58  8:26  Immortal  
  63  8:29  Robotics Bay  
  63  8:35  Assimilator  
  63  8:40  Protoss Ground Weapons Level 2  
  63  8:48  Stargate  
  63  8:57  Stalker  
  63  8:58  Stalker  
  67  9:21  Zealot x3  
  67  9:22  Zealot  
  67  9:24  Pylon  
  75  9:27  Pylon  
  75  9:28  Pylon  
  75  9:29  Extended Thermal Lance  
  75  9:35  Oracle  
  78  9:57  Colossus  
  84  10:10  Gateway  
  84  10:11  Gateway  
  84  10:12  Gateway  
  84  10:13  Gateway  
  84  10:14  Gateway  
  84  10:16  Gateway  
  84  10:35  Nexus  
  84  10:42  Shield Battery  
  84  10:43  Shield Battery  
  84  10:49  Stargate  
  84  10:52  Assimilator  
  84  10:54  Assimilator  
  84  11:06  Pylon  
  84  11:15  Fleet Beacon, Probe  
  85  11:23  Probe  
  85  11:32  Probe  
  85  11:44  Probe  
  61  11:56  Dark Templar x2  
  65  12:04  Zealot x2  
  65  12:15  Dark Templar x2  
  55  12:54  Mothership  
  55  12:55  Stalker x2  
  59  13:00  Carrier  
  73  13:09  Colossus  
  79  13:14  Probe  
  80  13:24  Tempest  
  80  13:25  Probe  
  86  13:33  Photon Cannon, Probe  
  86  13:40  Protoss Air Weapons Level 2  
  87  13:41  Probe  
  87  13:47  Stargate  
  88  13:48  Protoss Ground Weapons Level 3  
  88  13:53  Probe  
  89  14:04  Carrier  
  89  14:05  Probe  
  89  14:07  Sentry  
  89  14:08  Sentry  
  100  14:14  Colossus  
  107  14:17  Probe  
  107  14:31  Carrier  
  113  14:38  Probe  
  114  14:47  Probe  
  115  14:56  Probe, Void Ray  
  120  15:02  Dark Templar  
  120  15:04  Probe  
  122  15:12  Probe  
  124  15:22  Probe  
  125  15:29  Pylon  
  125  15:30  Pylon  
  125  15:45  Probe  
  125  15:47  Immortal  
  125  15:48  Carrier  
  136  15:53  Probe  
  136  16:01  Probe  
  137  16:09  Probe  
  138  16:18  Probe  
  140  16:27  Pylon  
  140  16:29  Pylon  
  140  16:41  Nexus  
  140  16:44  Tempest  
  140  16:45  Oracle  
  110  17:36  Dark Templar x5  
  120  17:39  Carrier x2  
  99  19:16  Stalker  
  94  19:17  Stalker x3  
Tags
 
Composition
Carriers
Matchup
PvT
Spawn Locations
Cross Positions
Add a new tag
Caveats
  • Supply blocks, unpowered buildings, or Contaminate may cause inaccurate times.
  • Supply counts are checked every 10 seconds.